 Dungeon Crawl Stone Soup version 0.21-a0-193-g085b6a0 (webtiles) character file.

200 MackTheKnife the Cutter (level 5, -2/27 HPs)
             Began as a Vine Stalker Fighter on Aug 14, 2017.
             Slain by an orc warrior
             ... wielding a +0 war axe
              (10 damage)
             ... on level 3 of the Dungeon.
             The game lasted 00:01:28 (1204 turns).

MackTheKnife the Cutter (Vine Stalker Fighter)      Turns: 1204, Time: 00:01:28

Health: -2/27      AC:  7    Str: 19    XL:     5   Next: 78%
Magic:  0/15       EV:  7    Int:  8    God:
Gold:   91         SH:  9    Dex: 14    Spells: 4/4 levels left

rFire    + . .     SeeInvis .   a - +0 rapier
rCold    . . .     Gourm    .   c - +0 shield
rNeg     . . .     Faith    .   b - +0 scale mail
rPois    .         Spirit   +   (no helmet)
rElec    .         Reflect  .   (no cloak)
rCorr    .         Harm     .   (no gloves)
MR       .....                  m - +0 pair of boots
Stlth    ..........             (no amulet)
HPRegen  0.49/turn              r - ring of protection from fire {rF+, !d}
MPRegen  0.14/turn              n - ring of magical power {MP+9}

@: no status effects
A: fangs 2, regeneration 1, magic shield, antimagic bite, no potion heal 3, rot
immunity
a: no special abilities


You were on level 3 of the Dungeon.
You were very hungry.

You visited 1 branch of the dungeon, and saw 3 of its levels.

You collected 91 gold pieces.

Inventory:

Hand Weapons
 a - a +0 rapier (weapon)
Armour
 b - a +0 scale mail (worn)
 c - a +0 shield (worn)
 m - a +0 pair of boots (worn)
   (You found it on level 1 of the Dungeon)
Jewellery
 n - a ring of magical power (right hand) {MP+9}
   (You found it on level 2 of the Dungeon)
 r - a ring of protection from fire (left hand) {rF+, !d}
   (You found it on level 2 of the Dungeon)
Scrolls
 e - a scroll of amnesia {unknown}
 h - 4 scrolls of identify {unknown}
 i - a scroll of recharging {unknown}
 k - 3 scrolls of noise {unknown}
 l - 3 scrolls of teleportation {unknown}
 p - a scroll of immolation {unknown}
 q - a scroll of remove curse {unknown}
Potions
 d - 3 potions of might
 g - 2 potions of haste {unknown}
 j - 2 potions of mutation {unknown}
 s - a potion of flight {unknown}
Comestibles
 f - 2 bread rations {@e1}
 o - 2 meat rations {@e2}


   Skills:
 - Level 2.6 Fighting
 + Level 5.3 Short Blades
 - Level 2.4 Armour
 - Level 2.6 Shields


You had 4 spell levels left.
You didn't know any spells.

Dungeon Overview and Level Annotations

Branches:
Dungeon (3/15)

Altars:


Innate Abilities, Weirdness & Mutations

You have extremely sharp teeth.
Your natural rate of healing is unusually fast.
When hurt, damage is shared between your health and your magic reserves.
Your bite disrupts and absorbs the magic of your enemies.
Potions cannot restore your health.
You are immune to rotting.


Message History

You barely miss the worm. Your bite misses the worm.
The worm bites you but does no damage.
A worm is nearby!
Your shield and scale mail prevent you from hitting the worm.
You bite the worm. You drain its power. The worm bites you.
You take 2 damage, and have 25/27 hp.
You now have 14/15 mp.
A worm is nearby!
Your shield and scale mail prevent you from hitting the worm.
You bite the worm, but do no damage.
A worm is nearby!
You hit the worm but do no damage. Your bite misses the worm.
The worm bites you!
You take 4 damage, and have 21/27 hp.
You now have 10/15 mp.
A worm is nearby!
A worm is nearby!
You hit the worm. You bite the worm. You drain its power.
You feel invigorated.
You kill the worm!
MP restored: 15 A hobgoblin comes into view.
You regained 4 hp, and now have 25/27 hp.
A hobgoblin is nearby!
A gnoll comes into view. It is wielding a club.
There are monsters nearby!
You block the hobgoblin's attack.
There are monsters nearby!
You puncture the hobgoblin!
You kill the hobgoblin!
A gnoll is nearby!
A gnoll is nearby!
You hit the gnoll. You block the gnoll's attack.
Health restored: 27 A gnoll is nearby!
You puncture the gnoll! The gnoll hits you with a club.
You take 1 damage, and have 26/27 hp.
You now have 14/15 mp.
A gnoll is nearby!
You hit the gnoll.
You kill the gnoll!
You see here 11 stones.
An orc wizard comes into view. It is wielding a dagger.
The orc wizard shouts!
The orc wizard casts a spell.
The orc wizard seems to speed up.
Health restored: 27; MP restored: 15 An orc warrior comes into view.
It is wielding a war axe.
The orc warrior shouts!
There are monsters nearby!
The orc wizard mumbles some strange words.
The orc wizard blinks!
An orc comes into view. It is wielding a dagger.
There are monsters nearby!
The orc shouts!
The orc wizard hits you with a dagger.
The orc wizard hits you but does no damage.
There are monsters nearby!
You closely miss the orc wizard.
You bite the orc wizard, but do no damage.
The orc wizard hits you with a dagger.
There are monsters nearby!
You take 3 damage, and have 24/27 hp.
You now have 13/15 mp.
You barely miss the orc wizard. Your bite misses the orc wizard.
The orc wizard mumbles some strange words.
The orc wizard blinks!
There are monsters nearby!
You block the orc warrior's attack. You block the orc wizard's attack.
The orc warrior closely misses you.
Health restored: 27 The orc wizard mumbles some strange words.
The orc wizard blinks!
You see here 32 sling bullets.
The orc wizard casts a spell.
The orc wizard blinks!
You hit the orc wizard but do no damage.
Your bite misses the orc wizard.
The orc wizard hits you but does no damage.
Your shield prevents you from hitting the orc wizard.
Your bite misses the orc wizard.
The orc wizard hits you but does no damage.
The orc wizard gestures at you while chanting.
The magic dart hits you!
You take 2 damage, and have 25/27 hp.
You now have 13/15 mp.
You hit the orc wizard but do no damage.
The orc wizard closely misses you. The orc wizard hits you with a dagger.
You take 1 damage, and have 24/27 hp.
You now have 12/15 mp.
You hit the orc wizard. Your bite misses the orc wizard.
The orc warrior hits you with a war axe.
You block the orc wizard's attack.
You take 4 damage, and have 20/27 hp.
You now have 10/15 mp.
You hit the orc wizard but do no damage.
The orc wizard hits you but does no damage.
The orc warrior hits you with a war axe!!
* * * LOW HITPOINT WARNING * * *
You block the orc wizard's attack.
You take 12 damage, and have 8/27 hp.
MASSIVE DAMAGE!!
You now have 4/15 mp.
You aren't carrying any items that you can evoke.
Unknown command.
You closely miss the orc wizard. You block the orc wizard's attack.
The orc warrior hits you with a war axe!
You die...

#############
#.oo@o......#
#(#########<#
#.# #.#########
#o# #.........#
#.# #########.#
#######o# #.#
.....!..# #.#
######..########
#.# #..........
#.#


You could see an orc warrior, an orc wizard and an orc.

Vanquished Creatures
  Terence (D:2)
  Jessica (D:2)
  A gnoll (D:3)
  6 adders (D:2)
  3 worms
  2 dart slugs (D:1)
  6 leopard geckos
  4 giant cockroaches
  10 goblins
  7 hobgoblins
  7 jackals (D:1)
  A quokka (D:2)
  5 bats
  4 frilled lizards
  2 kobolds (D:2)
  3 rats
63 creatures vanquished.

Notes
Turn   | Place    | Note
-------+----------+-------------------------------------------
     0 | D:1      | MackTheKnife the Vine Stalker Fighter began the quest for the Orb.
     0 | D:1      | Reached XP level 1. HP: 11/11 MP: 2/2
    13 | D:1      | Reached skill level 2 in Short Blades
    31 | D:1      | Reached XP level 2. HP: 14/16 MP: 3/3
   137 | D:1      | Reached skill level 3 in Short Blades
   141 | D:1      | Reached XP level 3. HP: 15/19 MP: 4/4
   413 | D:2      | Noticed Terence
   425 | D:2      | Killed Terence
   425 | D:2      | Gained mutation: Your natural rate of healing is unusually fast. [Vine Stalker growth]
   425 | D:2      | Reached XP level 4. HP: 11/23 MP: 5/5
   473 | D:2      | Noticed Jessica
   488 | D:2      | Killed Jessica
   488 | D:2      | Reached skill level 4 in Short Blades
   758 | D:2      | Reached XP level 5. HP: 27/27 MP: 6/6
   983 | D:2      | Reached skill level 5 in Short Blades
  1182 | D:3      | Noticed an orc warrior
  1204 | D:3      | Slain by an orc warrior

Vault maps used:
D:1:      mrwooster_arrival_statue, moated_statue, kennysheep_doodads
D:2:      first_bread, minmay_misc_feat_more_columns, minmay_joined_circles,
          uniq_jessica, uniq_terence
D:3:      led_xom_imps, minmay_misc_feat_columns, hangedman_decor_peaks_small

Skill      XL: |  1  2  3  4  5 |
---------------+----------------+-----
Short Blades   | 2 3 4 5 |  5.3
Fighting       | |  2.6
Armour         | |  2.4
Shields        | |  2.6

Action                   |  1- 3 |  4- 6 || total
-------------------------+-------+-------++-------
Melee: Rapier            |    66 |   116 ||   182
       Bite              |    17 |    34 ||    51
Armor: Scale mail        |    21 |    29 ||    50
Dodge: Dodged            |    26 |    40 ||    66
Block: Shield            |    23 |    46 ||    69

Vault maps used:
D:1:      mrwooster_arrival_statue, moated_statue, kennysheep_doodads
D:2:      first_bread, minmay_misc_feat_more_columns, minmay_joined_circles,
          uniq_jessica, uniq_terence
D:3:      led_xom_imps, minmay_misc_feat_columns, hangedman_decor_peaks_small

Table legend:
 A = Turns spent in this place as a percentage of turns spent in the entire game.
 B = Non-inter-level travel turns spent in this place as a percentage of non-inter-level travel turns spent in the entire game.
 C = Inter-level travel turns spent in this place as a percentage of turns spent in this place.
 D = Turns resting spent in this place as a percentage of non-inter-level travel turns spent in this place.
 E = Turns spent auto-exploring this place as a percentage of non-inter-level travel turns spent in this place.
 F = Non-inter-level travel turns spent in this place divided by the number of levels of this place that you've seen.
                   A       B       C       D       E      F
               +-------+-------+-------+-------+-------+----------------------
         Total | 100.0 | 100.0 |   0.4 |   0.0 |  12.0 | 189.3
       Dungeon | 100.0 | 100.0 |   0.4 |   0.0 |  12.0 | 189.3
               +-------+-------+-------+-------+-------+----------------------

Table legend:
 A = Kills in this place as a percentage of kills in entire the game.
 B = Kills by you in this place as a percentage of kills by you in the entire game.
 C = Kills by friends in this place as a percentage of kills by friends in the entire game.
 D = Other kills in this place as a percentage of other kills in the entire game.
 E = Experience gained in this place as a percentage of experience gained in the entire game.
 F = Experience gained in this place divided by the number of levels of this place that you have seen.
                   A       B       C       D       E      F
               +-------+-------+-------+-------+-------+----------------------
         Total | 100.0 | 100.0 |  -nan |  -nan | 100.0 |  95.3
       Dungeon | 100.0 | 100.0 |  -nan |  -nan | 100.0 |  95.3
               +-------+-------+-------+-------+-------+----------------------
